 Dungeon Crawl Stone Soup version 0.20-a0-553-gbaa0004 (webtiles) character file.

20631 useraccount the Spear-Bearer (level 12, -2/91 HPs)
             Began as a Cyno Skald on Feb 5, 2017.
             Was the Champion of Cheibriados.
             Slain by a sun demon (16 damage)
             ... summoned by Frances
             ... on level 12 of the Dungeon.
             The game lasted 00:25:47 (11794 turns).

useraccount the Spear-Bearer (Cyno Skald)          Turns: 11794, Time: 00:25:48

Health: -2/91      AC: 12    Str: 31    XL:     12   Next: 18%
Magic:  1/18       EV: 15    Int: 28    God:    Cheibriados [******]
Gold:   560        SH:  8    Dex: 28    Spells: 8/19 levels left

rFire    . . .     SeeInvis .   b - +7 demon trident
rCold    + . .     Gourm    .   E - +1 chain mail {rC+}
rNeg     . . .     Faith    +   x - +0 buckler
rPois    .         Spirit   .   (no helmet)
rElec    .         Reflect  .   A - +0 cloak
rCorr    .         Harm     .   (no gloves)
MR       +....                  (no boots)
Stlth    ..........             o - amulet of faith
Regen    0.3/turn               K - ring of protection from magic
                                s - +4 ring of slaying

@: singing, very slightly contaminated, repel missiles, very slow
A: short attention span, strong nose 2
a: Bend Time, Temporal Distortion, Slouch, Step From Time, Renounce Religion,
Stop Singing


You were on level 12 of the Dungeon.
You worshipped Cheibriados.
Cheibriados was exalted by your worship.
You were not hungry.

You visited 1 branch of the dungeon, and saw 12 of its levels.

You collected 560 gold pieces.

Inventory:

Hand Weapons
 a - the +9 trident of Plunder {pain, rN+}
   (You found it on level 5 of the Dungeon)

   In the hands of one skilled in necromantic magic, it inflicts extra damage on
   living creatures.
   It protects you from negative energy.
 b - a +7 demon trident (weapon)
Missiles
 M - 15 javelins (quivered)
Armour
 x - a +0 buckler (worn)
 A - a +0 cloak (worn)
 E - a +1 chain mail of cold resistance (worn)
Jewellery
 o - an amulet of faith (around neck)
 s - a +4 ring of slaying (left hand)
 v - an uncursed ring of see invisible
 w - an uncursed ring of flight
 F - an uncursed ring of resist corrosion
 K - a ring of protection from magic (right hand)
Wands
 c - a wand of acid (4/15)
 y - a wand of digging (15/24)
 D - a wand of paralysis (11/24)
 H - a wand of confusion (31/48)
 O - a wand of iceblast (5/15)
Scrolls
 e - 4 scrolls of fear {unknown}
 g - a scroll of fog {unknown}
 h - a scroll of magic mapping
 j - 2 scrolls of identify
 n - 3 scrolls of enchant armour {unknown}
 r - 2 scrolls of teleportation
 u - 2 scrolls of enchant weapon {unknown}
 z - 2 scrolls of remove curse
 G - 2 scrolls of recharging {unknown}
 I - a scroll of holy word {unknown}
 J - 2 scrolls of immolation {unknown}
Potions
 i - 4 potions of curing
 q - 2 potions of resistance
 B - a potion of lignification
Comestibles
 d - 9 bread rations
 f - 5 meat rations
 k - 7 royal jellies
 t - 3 fruits


   Skills:
 + Level 7.5 Fighting
 + Level 11.6 Polearms
 - Level 7.0 Armour
 - Level 7.0 Dodging
 - Level 7.0 Shields
 - Level 4.0 Spellcasting
 - Level 7.0 Hexes
 + Level 7.8 Charms
 - Level 10.0 Necromancy
 - Level 7.0 Invocations


You had 8 spell levels left.
You knew the following spells:

 Your Spells              Type           Power        Failure   Level  Hunger
a - Infusion              Chrm           ####         1%          1    None
b - Song of Slaying       Chrm           #####...     1%          2    None
c - Spectral Weapon       Hex/Chrm       #####...     6%          3    ##.....
d - Regeneration          Chrm/Necr      ######....   2%          3    ##.....
e - Repel Missiles        Chrm/Air       ####..       12%         2    None


Dungeon Overview and Level Annotations

Branches:
Dungeon (12/15)              Lair (0/6) D:9             Orc (0/2) D:12
 Temple: D:4-7

Altars:
Cheibriados
Fedhas
Hepliaklqana
Kikubaaqudgha
Makhleb
Nemelex Xobeh
Okawaru
Sif Muna
Trog
Uskayaw
Zin
The Shining One

Shops:
D:6 *   D:11 *   D:12 }

Annotations:
D:12 Frances


Innate Abilities, Weirdness & Mutations

You have a short attention span.
You have a very good sense of smell.


Message History

You are very lightly contaminated with residual magic.
As you read the scroll of blinking, it crumbles to dust.
Casting: Regeneration
Confirm with . or Enter, or press ? or * to list all spells.
Your skin crawls.
Your skin is crawling a little less now.
Attack whom?
Press: ? - help, Dir - move target cursor, f - two-headed ogre
Aim: a two-headed ogre, wielding two giant clubs (severely wounded)
You reach to attack!
You impale the two-headed ogre!!
You kill the two-headed ogre!
Cheibriados thoroughly appreciates the change of pace.
Attack whom?
Press: ? - help, Dir - move target cursor, f - sun demon
Aim: a sun demon (summoned)
You reach to attack!
You barely miss the sun demon.
b - a +7 demon trident (weapon)
Your skin stops crawling.
The sun demon hits you!
You die...

######.#####.#......#..)4Y..Y.
#........)##.#.#....#.O# {{{
#.........##.#.####.#..#
#.........##...........#{
#...........###.####..#.# {
#...............# ##.#.# { {
#...........##### ##{#.# {
#...........# ######....# {
...........# #.@3.)....#
.........## #.####...>...#
######### #. #.......# #.
#.......# #. ####.#### #. .#
#. .# #.


You could see a sun demon.

Vanquished Creatures
  The ghost of kazak the Frost Mage, a journeyman CyIE of Cheibriados (D:10)
  6 two-headed ogres
  Urug (D:11)
  4 skeletal warriors (D:11)
  2 ugly things (D:11)
  A cyclops (D:11)
  A gargoyle (D:10)
  A kobold demonologist (D:11)
  A komodo dragon (D:10)
  Prince Ribbit (D:8)
  3 hippogriffs
  Sigmund (D:4)
  17 yaks
  A human (D:7)
  4 hogs (D:7)
  A wyvern (D:9)
  2 hungry ghosts
  Grum (D:8)
  Edmund (D:6)
  Menkaure (D:6)
  Duvessa (D:6)
  A water moccasin (D:5)
  3 sky beasts
  4 orc warriors
  4 ice beasts
  2 black bears (D:7)
  9 ogres
  A phantom (D:10)
  An eye of draining (D:11)
  7 centaurs
  4 wolves (D:8)
  2 big kobolds
  5 bullfrogs
  Blork the orc (D:4)
  Dowan (D:6)
  4 scorpions
  2 water moccasin skeletons
  8 wights
  4 howler monkeys
  A bullfrog zombie (D:11)
  12 crimson imps
  6 orc priests
  3 jellies
  4 hounds
  2 centaur skeletons
  Crazy Yiuf (D:5)
  9 orc wizards
  2 bullfrog skeletons
  2 iguanas
  Jessica (D:3)
  11 worker ants
  A killer bee zombie (D:10)
  A hound skeleton (D:11)
  A howler monkey zombie (D:6)
  A howler monkey skeleton (D:5)
  14 adders
  3 gnolls (D:3)
  3 shadow imps
  4 oozes
  An adder skeleton (D:8)
  2 adder zombies
  7 worms
  A dart slug (D:2)
  5 leopard geckos
  48 orcs
  3 giant cockroaches
  7 goblins
  6 hobgoblins
  8 jackals
  19 kobolds
  5 quokkas
  3 ball pythons
  13 bats
  6 frilled lizards
  A leopard gecko zombie (D:5)
  2 quokka skeletons
  6 rats
  A spectral weapon (D:12)
  A toadstool (D:1)
342 creatures vanquished.

Vanquished Creatures (others)
  5 spectral weapons
  3 toadstools (D:1)
8 creatures vanquished.

Grand Total: 350 creatures vanquished

Notes
Turn   | Place    | Note
-------+----------+-------------------------------------------
     0 | D:1      | useraccount the Cyno Skald began the quest for the Orb.
     0 | D:1      | Reached XP level 1. HP: 17/17 MP: 4/4
   111 | D:1      | Reached skill level 3 in Polearms
   262 | D:1      | Reached XP level 2. HP: 21/23 MP: 6/6
   266 | D:1      | Learned a level 2 spell: Song of Slaying
   705 | D:2      | Reached XP level 3. HP: 28/29 MP: 7/7
   717 | D:2      | Learned a level 3 spell: Spectral Weapon
  1062 | D:2      | Found a snail-covered altar of Cheibriados.
  1132 | D:2      | Became a worshipper of Cheibriados the Contemplative
  1223 | D:2      | Found a sparkling altar of Nemelex Xobeh.
  1461 | D:2      | Reached skill level 4 in Polearms
  1494 | D:2      | Reached XP level 4. HP: 36/37 MP: 8/8
  1503 | D:2      | Learned a level 3 spell: Regeneration
  1589 | D:2      | Reached skill level 1 in Hexes
  1597 | D:3      | Reached * piety under Cheibriados
  1598 | D:3      | Noticed an ice beast
  1832 | D:3      | Killed an ice beast
  1832 | D:3      | Reached XP level 5. HP: 42/42 MP: 3/9
  2236 | D:3      | Noticed Jessica
  2247 | D:3      | Killed Jessica
  2443 | D:3      | Reached ** piety under Cheibriados
  2514 | D:3      | Reached skill level 1 in Necromancy
  2700 | D:4      | Reached XP level 6. HP: 21/50 MP: 4/10
  2926 | D:4      | Noticed Sigmund
  2946 | D:4      | Killed Sigmund
  2946 | D:4      | Reached skill level 5 in Fighting
  2946 | D:4      | Reached skill level 5 in Polearms
  3180 | D:4      | Found a deep blue altar of Sif Muna.
  3416 | D:4      | Noticed Blork the orc
  3426 | D:4      | Killed Blork the orc
  3426 | D:4      | Reached XP level 7. HP: 47/56 MP: 8/13
  3509 | D:4      | Reached skill level 1 in Shields
  3622 | D:4      | Reached *** piety under Cheibriados
  3774 | D:5      | Entered Level 5 of the Dungeon
  4576 | D:5      | Found a hide-covered altar of Uskayaw.
  4665 | D:5      | Reached **** piety under Cheibriados
  4677 | D:5      | Reached skill level 5 in Hexes
  4807 | D:5      | Reached skill level 6 in Polearms
  4807 | D:5      | Reached XP level 8. HP: 60/64 MP: 14/14
  4833 | D:5      | Found a burning altar of Makhleb.
  4853 | D:5      | Found a runed door.
  5024 | D:5      | Got a shimmering trident
  5025 | D:5      | Identified the +9 trident of Plunder {pain, rN+} (You found it on level 5 of the Dungeon)
  5122 | D:5      | Noticed Crazy Yiuf
  5126 | D:5      | Killed Crazy Yiuf
  5224 | D:6      | Reached skill level 5 in Necromancy
  5259 | D:6      | Reached skill level 5 in Charms
  5266 | D:6      | Found an iron altar of Okawaru.
  5272 | D:6      | Found Zin's Purification Station.
  5277 | D:6      | Found a glowing silver altar of Zin.
  5347 | D:6      | Learned a level 2 spell: Repel Missiles
  5471 | D:6      | Found a hazy altar of Hepliaklqana.
  5567 | D:6      | Reached skill level 5 in Shields
  5622 | D:6      | Noticed Menkaure
  5625 | D:6      | Killed Menkaure
  5625 | D:6      | Reached ***** piety under Cheibriados
  5625 | D:6      | Reached skill level 7 in Polearms
  5703 | D:6      | Found a glowing golden altar of the Shining One.
  5714 | D:6      | Noticed Duvessa
  5717 | D:6      | Noticed Dowan
  5722 | D:6      | Killed Duvessa
  5724 | D:6      | Killed Dowan
  5985 | D:6      | Noticed Edmund
  5990 | D:6      | Killed Edmund
  6064 | D:6      | Reached XP level 9. HP: 62/69 MP: 15/15
  6724 | D:7      | Reached skill level 1 in Invocations
  6763 | D:7      | Found a blossoming altar of Fedhas.
  6845 | D:7      | Reached skill level 8 in Polearms
  6972 | D:7      | Found a bloodstained altar of Trog.
  7761 | D:8      | Found an ancient bone altar of Kikubaaqudgha.
  7783 | D:8      | Reached ****** piety under Cheibriados
  7826 | D:8      | Reached XP level 10. HP: 76/76 MP: 12/16
  7846 | D:8      | Noticed Grum
  7861 | D:8      | Reached skill level 5 in Invocations
  7863 | D:8      | Killed Grum
  7863 | D:8      | Reached skill level 9 in Polearms
  8404 | D:9      | Noticed Prince Ribbit
  8406 | D:9      | Reached skill level 5 in Armour
  8610 | D:8      | Killed Prince Ribbit
  8796 | D:9      | Noticed a two-headed ogre
  8997 | D:9      | Killed a two-headed ogre
  9022 | D:9      | Noticed a two-headed ogre
  9026 | D:9      | Killed a two-headed ogre
  9236 | D:9      | Reached skill level 10 in Polearms
  9300 | D:9      | Found a staircase to the Lair.
  9332 | D:9      | Found a bloodstained altar of Trog.
  9344 | D:9      | Gained mutation: You have a very good sense of smell. [Cyno growth]
  9344 | D:9      | Reached XP level 11. HP: 69/81 MP: 15/17
  9693 | D:10     | Entered Level 10 of the Dungeon
  9693 | D:10     | Found an ancient bone altar of Kikubaaqudgha.
  9800 | D:10     | Noticed kazak's ghost (journeyman CyIE)
  9811 | D:10     | HP: 4/81 [kazak's ghost/Freeze (11)]
  9837 | D:10     | Killed kazak's ghost
  9837 | D:10     | Reached skill level 5 in Dodging
 10539 | D:11     | Found Lizxuhuo's General Store.
 10567 | D:11     | Noticed Urug
 10573 | D:11     | Killed Urug
 11049 | D:11     | Noticed a two-headed ogre
 11054 | D:11     | Killed a two-headed ogre
 11054 | D:11     | Reached skill level 11 in Polearms
 11226 | D:11     | Noticed a skeletal warrior
 11236 | D:11     | Killed a skeletal warrior
 11245 | D:11     | Noticed a skeletal warrior
 11256 | D:11     | Killed a skeletal warrior
 11292 | D:11     | Noticed a skeletal warrior
 11296 | D:11     | Noticed a skeletal warrior
 11317 | D:11     | Killed a skeletal warrior
 11326 | D:11     | Killed a skeletal warrior
 11326 | D:11     | Reached skill level 10 in Necromancy
 11494 | D:11     | Noticed a two-headed ogre
 11497 | D:11     | Killed a two-headed ogre
 11497 | D:11     | Reached XP level 12. HP: 89/89 MP: 14/18
 11683 | D:12     | Found Erixt's Gadget Emporium.
 11765 | D:12     | Found a staircase to the Orcish Mines.
 11767 | D:12     | Noticed Frances
 11785 | D:12     | HP: 3/91 [Frances/trident of freezing (3)]
 11794 | D:12     | Slain by a sun demon

Vault maps used:
D:1:      ldierk_water_garden
D:2:      kennysheep_slug_shrine, lemuel_doored_altar, minmay_split_cup_large
D:3:      kennysheep_another_room, uniq_jessica
D:4:      lemuel_crystal_altar, first_bread, uniq_blork_the_orc, uniq_sigmund
D:5:      marbit_many_paths, eat_drink_and_be_merry_uskayaw,
          serial_corexii_hall, corexii_hall_statues_i, corexii_hall_statues_x,
          corexii_hall_statues_i, corexii_hall_statues_l, grunt_tough_drop,
          uniq_crazy_yiuf_cottage
D:6:      old_standard_altar, kennysheep_mini, zin_purify,
          nicolae_overflow_crystal_walls, uniq_duvessa, uniq_menkaure,
          uniq_edmund
D:7:      fedhas_altar_3, minmay_temple_entry_fiery, grunt_livestock,
          trog_ov_bears_minmay
D:8:      kennysheep_mini_moat, uniq_grum
D:9:      overflow_temple_1_default, lair_entry_dummy, amethyst_killhole,
          uniq_prince_ribbit1
D:10:     basic_altar
D:11:     serial_shops, nicolae_shop_behind_doors, uniq_urug
D:12:     minmay_orc_entry_temple_small, serial_shops, nicolae_shop_trees,
          uniq_frances

Skill      XL: |  1  2  3  4  5  6  7  8  9 10 11 12 |
---------------+-------------------------------------+-----
Polearms       | 3 4 5 6 7 8 10 11 | 11.6
Dodging        | 3 4 7 |  7.0
Fighting       | 3 4 5 6 7 |  7.5
Armour         | 2 3 4 6 7 |  7.0
Hexes          | 1 2 3 5 6 7 |  7.0
Necromancy     | 1 2 4 6 7 10 | 10.0
Spellcasting   | 4 |  4.0
Shields        | 3 5 7 |  7.0
Charms         | 6 7 |  7.8
Invocations    | 4 6 7 |  7.0

Action                   |  1- 3 |  4- 6 |  7- 9 | 10-12 || total
-------------------------+-------+-------+-------+-------++-------
Melee: Spear             |   168 |   144 |   106 |       ||   418
       Trident           |       |       |   186 |   283 ||   469
 Cast: Song of Slaying   |     1 |     4 |     7 |     7 ||    19
       Infusion          |     1 |     1 |     1 |       ||     3
       Spectral Weapon   |       |     7 |    18 |    34 ||    59
       Repel Missiles    |       |       |     1 |     1 ||     2
       Regeneration      |       |       |       |    14 ||    14
Invok: Temporal Distorti |       |       |       |     4 ||     4
       Slouch            |       |       |       |     2 ||     2
  Use: Scroll            |     8 |     2 |     3 |     5 ||    18
       Potion            |       |       |       |     1 ||     1
 Stab: Distracted        |       |     1 |     1 |     5 ||     7
  Eat: Chunk             |     2 |     4 |    10 |    11 ||    27
Armor: Leather armour    |     7 |       |       |       ||     7
       Ring mail         |    30 |    29 |    16 |       ||    75
       Scale mail        |       |       |    20 |       ||    20
       Chain mail        |       |       |    39 |    52 ||    91
Dodge: Dodged            |    66 |    66 |   105 |   121 ||   358
       Deflected         |       |       |     1 |     3 ||     4
Block: Buckler           |       |     2 |    66 |    68 ||   136
